 Dungeon Crawl Stone Soup version 0.31-a0-1183-gd88bbb8b4d (webtiles) character file.

Game seed: 14501226706704128346

63 qw the Shooter (level 4, 0/28 HPs)
             Began as a Gargoyle Hunter on Dec 11, 2023.
             Slain by a black bear (4 damage)
             ... on level 3 of the Dungeon.
             The game lasted 00:00:37 (1181 turns).

qw the Shooter (Gargoyle Hunter)                    Turns: 1181, Time: 00:00:37

Health: 0/28       AC:  8    Str: 14    XL:     4   Next: 9%
Magic:  4/4        EV: 10    Int: 10    God:
Gold:   84         SH:  0    Dex: 15    Spells: 3/3 levels left

rFire   . . .        a - +3 shortbow
rCold   . . .        (shield currently unavailable)
rNeg    + . .        b - +0 ring mail
rPois   inf          (no helmet)
rElec   +            (no cloak)
rCorr   .            (no gloves)
SInv    .            (no boots)
Will    .....        (no amulet)
Stlth   +            (no ring)
HPRegen 0.24/turn    (no ring)
MPRegen 0.09/turn

%: no passive effects
@: about to teleport
A: sickness immunity, AC +3, negative energy resistance 1, electricity
resistance, torment resistance 1, petrification resistance
a: no special abilities


You were on level 3 of the Dungeon.
You visited 1 branch of the dungeon, and saw 3 of its levels.

You collected 84 gold pieces.


Innate Abilities, Weirdness & Mutations

You are immune to sickness and miasma.
Your stone body is resilient. (AC +3)
You are immune to poison.
You resist negative energy. (rN+)
You are resistant to electric shocks. (rElec)
You are resistant to unholy torment.
You are immune to petrification.


   Skills:
 - Level 3.0 Fighting
 - Level 5.1 Ranged Weapons
 + Level 0.7 Armour
 - Level 1.5 Dodging
 - Level 1.1 Stealth


You had 3 spell levels left.
You didn't know any spells.
Your spell library was empty.

Inventory:

Hand Weapons
 a - a +3 shortbow (weapon)
Armour
 b - a +0 ring mail (worn)
Scrolls
 g - a scroll of teleportation
Potions
 d - 2 potions of curing
 e - a potion of resistance
 f - a potion of brilliance {unknown}
 i - a potion of magic {unknown}
 k - a potion of invisibility {unknown}

Dungeon Overview and Level Annotations

Branches:
Dungeon (3/15)

Altars:


Message History

The worm is severely wounded.
You shoot an arrow. The arrow barely misses the worm.
You shoot an arrow. The arrow hits the worm!
You kill the worm!
You now have 84 gold pieces (gained 6).
A black bear comes into view.
You shoot an arrow. The black bear growls angrily.
The arrow hits the black bear.
The black bear is lightly wounded.
You shoot an arrow. The arrow hits the black bear!
The black bear is heavily wounded.
You shoot an arrow. The arrow barely misses the black bear.
You shoot an arrow.
The arrow closely misses the black bear.
You shoot an arrow.
The arrow closely misses the black bear.
You shoot an arrow. The arrow hits the black bear!
The black bear is almost dead.
The black bear goes berserk!
The black bear bites you. The black bear completely misses you.
The black bear closely misses you.
Enter note: You shoot an arrow.
The arrow hits the black bear but does no damage.
The black bear is almost dead.
The black bear closely misses you. The black bear barely misses you.
The black bear claws you.
You shoot an arrow. The arrow barely misses the black bear.
The black bear bites you.
The black bear claws you but does no damage.
The black bear barely misses you. The black bear bites you!
The black bear claws you but does no damage.
The black bear claws you.
1181 ||| READING 2 scrolls of teleportation.
As you read the scroll of teleportation, it crumbles to dust.
You feel strangely unstable. The black bear barely misses you.
The black bear claws you but does no damage.
The black bear claws you.
You die...

## ##.#### .# #.....#
.####..#.########
>...............###
...##..#........[.#
.......#..........# .
...#.###..........####..
...#..##................
...##..##..?....@.......
[..###.##........h....##
...###..#......[....%.#
....###.............(...
#.##....###.....##......
........# #.#.#.# ......
#.#...........#.# ###..#
.#.........###.# #..
#........)# ..( ..


You could see a black bear (berserk).

Vanquished Creatures
  An adder (D:2)
  5 worms
  A dart slug (D:2)
  4 ball pythons (D:1)
  A bat (D:1)
  4 endoplasms
  2 giant cockroaches
  3 goblins
  3 hobgoblins
  2 quokkas (D:1)
  6 frilled lizards
  A kobold (D:1)
  4 rats
37 creatures vanquished.

Notes
Turn   | Place    | Note
-------+----------+-------------------------------------------
     0 | D:1      | qw the Gargoyle Hunter began the quest for the Orb.
     0 | D:1      | Reached XP level 1. HP: 12/12 MP: 1/1
     0 | D:1      | 0 ||| qw: Version: 0.3-a-106-g2cfff9e
     0 | D:1      | 0 ||| qw: Game counter: 2115
     0 | D:1      | 0 ||| qw: Melee chars always use a shield: true
     0 | D:1      | 0 ||| qw: God list: Okawaru
     0 | D:1      | 0 ||| qw: Allow faded altars: false
     0 | D:1      | 0 ||| qw: Do Orc after clearing Dungeon:15 true
     0 | D:1      | 0 ||| qw: Do second Lair branch before Depths: true
     0 | D:1      | 0 ||| qw: Lair rune preference: random
     0 | D:1      | 0 ||| qw: Goals: Normal, Save, Zot:1-4, Win
     0 | D:1      | 0 ||| PLANNING D:1-11
   119 | D:1      | Reached XP level 2. HP: 17/17 MP: 2/2
   332 | D:1      | Found a faded altar of an unknown god.
   391 | D:1      | 391 ||| READING 2 scrolls labelled WARIYFR MUIJ.
   394 | D:1      | 394 ||| DRINKING 2 red potions.
   395 | D:1      | 395 ||| DROPPING scroll of butterflies.
   420 | D:2      | 420 ||| STAIRDANCE
   465 | D:2      | 465 ||| STAIRDANCE
   489 | D:2      | Reached XP level 3. HP: 21/21 MP: 3/3
   502 | D:2      | Reached skill level 5 in Ranged Weapons
   779 | D:2      | Reached skill level 3 in Fighting
  1043 | D:2      | 1043 ||| UPGRADING to +0 ring mail.
  1053 | D:2      | 1053 ||| DROPPING +0 leather armour.
  1054 | D:2      | 1054 ||| READING 2 scrolls labelled ECSASU XISU.
  1055 | D:2      | 1055 ||| READING 3 scrolls labelled GIRULY NANOC.
  1055 | D:2      | 1055 ||| ENCHANTING +0 shortbow.
  1056 | D:2      | 1056 ||| READING 2 scrolls of enchant weapon.
  1056 | D:2      | 1056 ||| ENCHANTING +1 shortbow.
  1057 | D:2      | 1057 ||| READING scroll of enchant weapon.
  1057 | D:2      | 1057 ||| ENCHANTING +2 shortbow.
  1058 | D:2      | 1058 ||| READING scroll labelled ODONGIDOGG.
  1058 | D:2      | 1058 ||| IDENTIFYING fizzy yellow potion
  1059 | D:2      | 1059 ||| READING scroll labelled SOAHATAEJY.
  1075 | D:2      | 1075 ||| DROPPING scroll of revelation.
  1112 | D:3      | Reached XP level 4. HP: 28/28 MP: 4/4
  1172 | D:3      | Noticed a black bear
  1180 | D:3      | HP: 4/28 [black bear (5)]
  1181 | D:3      | 1181 ||| READING 2 scrolls of teleportation.
  1181 | D:3      | Slain by a black bear

Levels and vault maps discovered:
D:1:      matt_arrival_los_fun, layout_rooms,
          dreamdust_ecumenical_altar_sealed_demon, grunt_decor_arrowhead
D:2:      layout_basic
D:3:      layout_basic, mainiacjoe_overflow_alcove_4

Skill      XL: |  1  2  3 |
---------------+----------+-----
Ranged Weapons | 5 |  5.1
Fighting       | 3 |  3.0
Armour         | |  0.7
Dodging        | |  1.5
Stealth        | |  1.1

Action                     |  1- 3 |  4- 6 || total
---------------------------+-------+-------++-------
   Fire: Shortbow          |   122 |    13 ||   135
    Use: Scroll            |     7 |     1 ||     8
         Potion            |     1 |       ||     1
 Armour: Leather armour    |    21 |       ||    21
         Ring mail         |       |     9 ||     9
  Dodge: Dodged            |    20 |     6 ||    26

Table legend:
 A = Non-vault XP
 B = Vault XP
 C = Vault XP percentage of total XP
 D = Non-vault monster count
 E = Vault monster count
 F = Vault count percentage of total count
                 A         B        C        D         E       F
            +---------+---------+-------+---------+---------+-------
      Total |      90 |       0 |   0.0 |      37 |       0 |   0.0
            +---------+---------+-------+---------+---------+-------
        D:1 |      31 |       0 |   0.0 |      18 |       0 |   0.0
        D:2 |      50 |       0 |   0.0 |      16 |       0 |   0.0
        D:3 |       9 |       0 |   0.0 |       3 |       0 |   0.0
            +---------+---------+-------+---------+---------+-------
